 Dungeon Crawl Stone Soup version 0.31.0-4-g52a2dc7128 (webtiles) character file.

Game seed: 40663009356006257

2053 RancidPinata the Covert (level 9, -5/63 HPs)
             Began as an Octopode Delver on Jan 22, 2024.
             Was a Follower of Ru.
             Slain by a yak (14 damage)
             ... on level 7 of the Dungeon on Jan 23, 2024.
             The game lasted 00:34:07 (8000 turns).

RancidPinata the Covert (Octopode Delver)           Turns: 8000, Time: 00:34:07

Health: -5/63      AC:  1    Str: 15    XL:     9   Next: 25%
Magic:  9/9        EV: 16    Int: 12    God:    Ru [*.....]
Gold:   316        SH:  0    Dex: 14    Spells: 8/8 levels left

rFire   . . .        a - +0 short sword
rCold   . . .        (no shield)
rNeg    . . .        (helmet restricted)
rPois   .            (no amulet)
rElec   .            (no ring)
rCorr   .            (no ring)
SInv    .            (no ring)
Will    .....        (no ring)
Stlth   +++++        (no ring)
HPRegen 0.30/turn    (no ring)
MPRegen 0.11/turn    (no ring)
                     (no ring)

%: no passive effects
@: no status effects
A: almost no armour, amphibious, 8 rings, camouflage 1, gelatinous body 1,
unskilled 1, (nimble swimmer 1), tentacles
a: Renounce Religion


You were on level 7 of the Dungeon.
You worshipped Ru.
Ru was aware of your devotion.
You visited 2 branches of the dungeon, and saw 9 of its levels.

You collected 316 gold pieces.

Inventory:

Hand Weapons
 a - a +0 short sword (weapon)
 c - a +3 spear
Missiles
 j - 13 poisoned darts (quivered)
 k - 42 stones
 A - 6 curare-tipped darts
 E - 5 boomerangs
Wands
 f - a wand of digging (3)
 g - a wand of polymorph (5)
 h - a wand of flame (20)
 i - a wand of roots (26)
 l - a wand of light (9)
Scrolls
 b - 2 scrolls of fog
 d - 3 scrolls of fear
 n - 3 scrolls of noise {unknown}
 q - a scroll of poison {unknown}
 s - 2 scrolls of acquirement {unknown}
 t - a scroll of identify {unknown}
 u - 2 scrolls of amnesia {unknown}
 w - a scroll of torment {unknown}
 x - a scroll of blinking {unknown}
 y - a scroll of enchant armour {unknown}
 B - 2 scrolls of vulnerability {unknown}
 D - a scroll of teleportation {unknown}
 F - a scroll of immolation {unknown}
Potions
 e - a potion of haste
 m - 2 potions of might {unknown}
 o - 2 potions of enlightenment {unknown}
 p - 2 potions of lignification {unknown}
 r - 3 potions of heal wounds {unknown}
 v - a potion of mutation {unknown}
 z - 2 potions of berserk rage {unknown}
 C - a potion of cancellation {unknown}


   Skills:
 * Level 6.8 Fighting
 + Level 4.6 Short Blades
 * Level 6.5 Dodging
 + Level 8.8 Stealth


You had 8 spell levels left.
You didn't know any spells.
Your spell library contained the following spells:

 Spells                   Type           Power      Damage    Failure   Level
 Apportation              Tloc           0%         N/A       32%         1
 Call Imp                 Summ           0%         N/A       45%         2
 Jinxbite                 Hex            0%         N/A       45%         2
 Sublimation of Blood     Necr           0%         N/A       45%         2
 Frozen Ramparts          Ice            0%         1d1       69%         3
 Passwall                 Erth           0%         N/A       69%         3
 Dispel Undead            Necr           0%         3d6       97%         4
 Leda's Liquefaction      Alch/Erth      0%         N/A       97%         4
 Petrify                  Alch/Erth      0%         N/A       97%         4
 Alistair's Intoxication  Alch           0%         N/A       100%        5
 Metabolic Englaciation   Hex/Ice        0%         N/A       100%        5
 Summon Hydra             Summ           0%         N/A       100%        7
 Borgnjor's Revivificati  Necr           0%         N/A       100%        8


Dungeon Overview and Level Annotations

Branches:
Dungeon (8/15)             Temple (1/1) D:7
   Lair: D:8-11

Altars:
Ashenzari
Cheibriados
Dithmenos
Elyvilon
Fedhas
Gozag
Hepliaklqana
Kikubaaqudgha
Makhleb
Nemelex Xobeh
Okawaru
Qazlal
Ru
Sif Muna
Trog
Uskayaw
Vehumet
Wu Jian
Xom
Yredelemnul
Zin
The Shining One

Shops:
D:5 :   D:6 [

Annotations:
D:2 1 runed translucent door, Crazy Yiuf, Sigmund


Innate Abilities, Weirdness & Mutations

You cannot wear most types of armour.
You are amphibious.
You can wear up to eight rings at the same time.
Your skin changes colour to match your surroundings (Stealth+).
Your rubbery body absorbs attacks. (AC +1, EV +1)
You are somewhat unskilled. (-1 Apt)
((You are camouflaged when in or above water. (Stealth+)))
You have tentacles for arms and can constrict up to eight enemies at once.


Message History

You constrict the bullfrog.
A yak comes into view.
The bullfrog completely misses you.
You hit the bullfrog.
The bullfrog is heavily wounded.
You constrict the bullfrog. The bullfrog hits you.
You release your grip on the bullfrog.
The bullfrog barely misses you. The bullfrog attacks as it pursues you!
The bullfrog completely misses you.
There is a stone staircase leading up here.
You barely miss the bullfrog. You grab the bullfrog.
You tentacle-slap the bullfrog.
The bullfrog is severely wounded.
You constrict the bullfrog. The bullfrog closely misses you.
The bullfrog hits you!
You hit the bullfrog. You tentacle-slap the bullfrog.
The bullfrog is almost dead.
You constrict the bullfrog. The bullfrog closely misses you.
You hit the bullfrog.
You kill the bullfrog!
You climb upwards.
There is a stone staircase leading down here.
You start resting.
HP restored.
Saving game... please wait.
Welcome back, RancidPinata the Octopode Delver.
Ru says: Cut away your false body!
Press ? for a list of commands and other information.
Done exploring.
You climb downwards.
The yak closely misses you. The yak gores you.
The yak closely misses you. x2; The yak misses you.
The yak gores you!
There is a stone staircase leading up, spattered with blood here.
The yak gores you! x2; The yak gores you.
You climb upwards.
There is a stone staircase leading down here.
The yak closely misses you. x2
The yak attacks as it pursues you! The yak gores you!
* * * LOW HITPOINT WARNING * * *
The yak attacks as it pursues you! The yak gores you!
You die...

..≈≈≈≈.≈≈≈≈.###########.#########
..§.....§.§.# #.#........
..≈.≈≈§≈§§§§## #)#.#######
..§.≈..§§§.§.# #)#.#
..§≈≈._§≈§≈..# #.#.#
........§§...##########.#.#######
.#######§#§.>....................
.# #.....############.####### .#
####..Y.Y@.......#.# .#
#.#Y..#######.#.# .# #.#...#
#.#.# .# #.#.#.#######.#.# .#
#.............#.#
o############.##.########.#
.#.............#.# #.#
.#.##########..#.# #.#######
.#.#<.......#..#.# #........


You could see 3 yaks.

Vanquished Creatures
  Grinder (D:6)
  2 water moccasins
  Duvessa (D:4)
  An ice beast (D:7)
  2 ogres (D:5)
  2 orc warriors (D:7)
  2 phantoms (D:5)
  A bullfrog (D:8)
  2 scorpions
  Dowan (D:4)
  A howler monkey (D:6)
  3 bombardier beetles
  A hound (D:5)
  A jelly (D:5)
  2 gnoll boudas (D:5)
  2 sleepcaps (D:4)
  2 orc wizards (D:7)
  Natasha (thrice) (D:2)
  An iguana (D:6)
  11 gnolls
  6 adders
  A shadow imp (D:5)
  3 white imps (D:6)
  4 dart slugs
  4 ribbon worms
  15 orcs
  9 ball pythons
  6 bats
  8 endoplasms
  2 giant cockroaches (D:1)
  5 goblins
  5 hobgoblins
  2 jackals (D:1)
  A quokka (D:4)
  5 frilled lizards
  8 kobolds
  5 rats
  A butterfly (D:7)
132 creatures vanquished.

Notes
Turn   | Place    | Note
-------+----------+-------------------------------------------
     0 | D:5      | RancidPinata the Octopode Delver began the quest for the
                  | Orb.
     0 | D:5      | Reached XP level 1. HP: 16/16 MP: 1/1
     8 | D:5      | Noticed a water moccasin
    24 | D:6      | Noticed a bombardier beetle
    35 | D:6      | Noticed a howler monkey
    38 | D:6      | Killed a howler monkey
    39 | D:6      | Reached skill level 7 in Stealth
    39 | D:6      | Reached XP level 2. HP: 17/21 MP: 2/2
    39 | D:6      | Reached XP level 3. HP: 21/26 MP: 3/3
   293 | D:7      | Noticed an orc warrior
   391 | D:7      | Found a blossoming altar of Fedhas.
   396 | D:7      | Found a sacrificial altar of Ru.
   408 | D:7      | Noticed an orc warrior
   409 | D:7      | Became a worshipper of Ru the Awakened
   665 | D:5      | Reached XP level 4. HP: 31/31 MP: 4/4
   686 | D:5      | Killed a water moccasin
   687 | D:5      | Reached XP level 5. HP: 24/37 MP: 5/5
   770 | D:5      | Noticed a phantom
   777 | D:5      | Noticed an ogre
   848 | D:4      | Reached XP level 6. HP: 36/44 MP: 6/6
   936 | D:4      | Noticed Duvessa
   936 | D:4      | Noticed Dowan
  1812 | D:2      | Noticed Natasha
  1830 | D:2      | Killed Natasha
  1964 | D:2      | Noticed Natasha
  1972 | D:2      | Killed Natasha
  2287 | D:2      | Found a runed translucent door.
  2288 | D:2      | Noticed Crazy Yiuf
  2317 | D:2      | Noticed Natasha
  2323 | D:2      | Noticed Sigmund
  2967 | D:1      | Got Voazics's Secrets of Spelunking and Gloom
  3609 | D:2      | Killed Natasha
  3610 | D:2      | Reached XP level 7. HP: 44/49 MP: 7/7
  3858 | D:4      | Killed Duvessa
  3859 | D:4      | Reached skill level 5 in Fighting
  3859 | D:4      | Reached skill level 8 in Stealth
  3870 | D:4      | Killed Dowan
  4470 | D:5      | Reached skill level 5 in Dodging
  4538 | D:5      | Reached XP level 8. HP: 57/57 MP: 8/8
  4662 | D:5      | Gained mutation: You are somewhat unskilled. (-1 Apt) [Ru
                  | sacrifice]
  4662 | D:5      | Reduced skill Stealth to level 7
  4662 | D:5      | Reached * piety under Ru
  4816 | D:5      | Found Fucolaz's Vocational Training.
  5112 | D:5      | HP: 1/56 [gnoll/+0 halberd[a gnoll bouda] (11)]
  5315 | D:5      | Reached skill level 8 in Stealth
  5619 | D:6      | Found an ancient bone altar of Kikubaaqudgha.
  5626 | D:6      | Found a stormy altar of Qazlal.
  5626 | D:6      | Found a bloodstained altar of Trog.
  5676 | D:6      | Found a hazy altar of Hepliaklqana.
  5752 | D:6      | Found Kuzo's Armour Shop.
  5777 | D:6      | Noticed Grinder
  6161 | D:6      | Paralysed by Grinder for 4 turns
  6167 | D:6      | Killed Grinder
  6912 | D:7      | Found a staircase to the Ecumenical Temple.
  6993 | D:7      | Reached XP level 9. HP: 63/63 MP: 9/9
  7513 | D:7      | HP: 3/63 [orc/+0 club (3)]
  7564 | Temple   | Entered the Ecumenical Temple
  8000 | D:7      | Slain by a yak

Illustrated notes

Levels and vault maps discovered:
D:1:      co_arrival_two_rings, layout_basic
D:2:      layout_basic, uniq_sigmund, uniq_natasha, uniq_crazy_yiuf_cottage
D:3:      layout_basic, kennysheep_decorative_pillar, chequers_jeans
D:4:      layout_rooms, dk_rats_in_the_wall, uniq_duvessa
D:5:      layout_loops_ring, nicolae_shop_vocational
D:6:      layout_layer_cave, grunt_temple_overflow_open,
          mainiacjoe_overflow_cross_hatched, serial_shops, shop, uniq_grinder
D:7:      layout_basic, mainiacjoe_overflow_large_starburst,
          minmay_temple_entry_butterflies
D:8:      layout_gridville, erik_lair_orcish_takeover, disabler_island
Temple:   compressed_dpeg_triangle_lava_temple

Skill      XL: |  1  2  3  4  5  6  7  8 |
---------------+-------------------------+-----
Stealth        | 7 8 8 |  8.8
Fighting       | 4 5 6 |  6.8
Short Blades   | 3 4 4 |  4.6
Dodging        | 3 4 5 6 |  6.5

Action                     |  1- 3 |  4- 6 |  7- 9 || total
---------------------------+-------+-------+-------++-------
  Melee: Short sword       |    10 |   151 |   222 ||   383
         Constrict         |     2 |    35 |    39 ||    76
         Tentacles         |     2 |    36 |    59 ||    97
         Punch             |       |     2 |     7 ||     9
 Invoke: Reject Sacrifices |       |     1 |       ||     1
         Sacrifice Skill   |       |       |     1 ||     1
    Use: Potion            |       |       |     5 ||     5
         Scroll            |       |       |     1 ||     1
   Stab: Sleeping          |     2 |    17 |    18 ||    37
         Distracted        |     1 |     1 |     3 ||     5
 Armour: Skin              |    11 |    52 |   106 ||   169
  Dodge: Dodged            |     7 |    86 |   142 ||   235
